PL
PHOENIX HOTSPUR @ ATLANTA SMOKE
07/06/2019
 
TOP OF THE 1ST
Phoenix Hotspur batting - Pitching for Atlanta Smoke : LHP Ilie Paunescu
Pitching: LHP Ilie Paunescu
Batting: RHB Manny Freitas 0-0: Ball
1-0: Foul Ball, location: 2F
1-1: Ball
2-1: Ball
3-1: Base on Balls
Batting: RHB Terry Armstrong 0-0: Ball
1-0: SINGLE (Line Drive, 56D)
Manny Freitas to second
Batting: RHB Donald Thompson 0-0: Called Strike
0-1: Called Strike
0-2: Ball
1-2: Strikes out swinging
Batting: LHB Curt Webb 0-0: Swinging Strike
0-1: Called Strike
0-2: Strikes out looking
Batting: LHB Mike Pace 0-0: Ball
1-0: Swinging Strike
1-1: DOUBLE (Flyball, 78D)
Manny Freitas scores
Terry Armstrong to third
Runner from 3rd tries for Home, SAFE, no throw or cutoff
Batting: LHB Earl Ellis 0-0: Ball
1-0: Ball
2-0: Called Strike
2-1: Foul Ball, location: 2F
2-2: SINGLE (Flyball, 6MD)
Mike Pace to third
Batting: RHB Mike Lewis 0-0: Swinging Strike
0-1: Ball
1-1: Ball
2-1: Foul Ball, location: 2F
2-2: Foul Ball, location: 2F
2-2: Foul Ball, location: 2F
2-2: Ball
3-2: Foul Ball, location: 2F
3-2: Base on Balls
Earl Ellis to second
Batting: RHB John Brown 0-0: Ball
1-0: Fly out, F8 (Flyball, 8RM)
Top of the 1st over - 2 run(s), 3 hit(s), 0 error(s), 3 left on base; Phoenix 2 - Atlanta 0
BOTTOM OF THE 1ST
Atlanta Smoke batting - Pitching for Phoenix Hotspur : RHP John Brown
Pitching: RHP John Brown
Batting: RHB Nathan Horton 0-0: Foul Ball, location: 2F
0-1: Ground out 6-3 (Groundball, 6)
Batting: RHB Mal Bussard 0-0: Ball
1-0: Ball
2-0: Called Strike
2-1: Called Strike
2-2: Fly out, F7 (Flyball, 78D)
Batting: LHB Albert Morán 0-0: Called Strike
0-1: Ball
1-1: Ball
2-1: Ground out 3-1 (Groundball, 34S)
Bottom of the 1st over - 0 run(s), 0 hit(s), 0 error(s), 0 left on base; Phoenix 2 - Atlanta 0
TOP OF THE 2ND
Phoenix Hotspur batting - Pitching for Atlanta Smoke : LHP Ilie Paunescu
Batting: RHB Raúl González 0-0: Called Strike
0-1: Swinging Strike
0-2: Foul Ball, location: 2F
0-2: Ball
1-2: Ball
2-2: Foul Ball, location: 2F
2-2: Ball
3-2: Base on Balls
Batting: RHB Manny Freitas 0-0: Ball
1-0: Called Strike
1-1: Foul Ball, location: 2F
1-2: Fly out, F9 (Flyball, 89M)
Batting: RHB Terry Armstrong 0-0: Ball
1-0: Ball
2-0: Foul Ball, location: 2F
2-1: Ball
3-1: Foul Ball, location: 2F
3-2: Foul Ball, location: 2F
3-2: Base on Balls
Raúl González to second
Batting: RHB Donald Thompson 0-0: Ball
1-0: Ball
2-0: Called Strike
2-1: Foul Ball, location: 2F
2-2: Foul Ball, location: 2F
2-2: Fly out, F8 (Line Drive, 8LS)
Batting: LHB Curt Webb 0-0: Swinging Strike
0-1: Called Strike
0-2: Ball
Passed Ball!
Raúl González to third
Terry Armstrong to second
1-2: Ball
2-2: Foul Ball, location: 2F
2-2: Ball
3-2: Strikes out swinging
Top of the 2nd over - 0 run(s), 0 hit(s), 0 error(s), 2 left on base; Phoenix 2 - Atlanta 0
BOTTOM OF THE 2ND
Atlanta Smoke batting - Pitching for Phoenix Hotspur : RHP John Brown
Batting: LHB Armando Esparza 0-0: Ball
1-0: Called Strike
1-1: Swinging Strike
1-2: SINGLE (Groundball, 34D)
Batting: RHB Nate Cates 0-0: Ball
1-0: SINGLE (Flyball, 8RS)
Armando Esparza to second
Batting: RHB Leandro Tuzzi 0-0: Ball
1-0: Ball
2-0: Called Strike
2-1: Grounds into double play, 5-4-3 (Groundball, 5)
Armando Esparza to third
Batting: LHB Mike Blue 0-0: Foul Ball, location: 2F
0-1: Foul Ball, location: 2F
0-2: Strikes out swinging
Bottom of the 2nd over - 0 run(s), 2 hit(s), 0 error(s), 1 left on base; Phoenix 2 - Atlanta 0
TOP OF THE 3RD
Phoenix Hotspur batting - Pitching for Atlanta Smoke : LHP Ilie Paunescu
Batting: LHB Mike Pace 0-0: Swinging Strike
0-1: Swinging Strike
0-2: Ground out 3-1 (Groundball, 34)
Batting: LHB Earl Ellis 0-0: Swinging Strike
0-1: Ball
1-1: Ball
2-1: Ball
3-1: Foul Ball, location: 2F
3-2: Reached on error, E4 (Groundball, 4)
Batting: RHB Mike Lewis 0-0: Ball
1-0: Ball
2-0: Ball
3-0: Base on Balls
Earl Ellis to second
Batting: RHB John Brown 0-0: Sac Bunt - play at third, runner OUT -> throw to first, DP!
Top of the 3rd over - 0 run(s), 0 hit(s), 1 error(s), 3 left on base; Phoenix 2 - Atlanta 0
BOTTOM OF THE 3RD
Atlanta Smoke batting - Pitching for Phoenix Hotspur : RHP John Brown
Batting: RHB Walt Richard 0-0: Called Strike
0-1: Ball
1-1: Called Strike
1-2: SOLO HOME RUN (Flyball, 7D), Distance : 413 ft
Batting: LHB Ilie Paunescu 0-0: Foul Ball, location: 2F
0-1: Called Strike
0-2: Ball
1-2: Ball
2-2: Foul Ball, location: 2F
2-2: Ground out 4-3 (Groundball, 13)
Batting: RHB Nathan Horton 0-0: Ball
1-0: Called Strike
1-1: Ball
2-1: Ball
3-1: Called Strike
3-2: Foul Ball, location: 2F
3-2: Strikes out swinging
Batting: RHB Mal Bussard 0-0: Ball
1-0: Fly out, F3 (Popup, 3F)
Bottom of the 3rd over - 1 run(s), 1 hit(s), 0 error(s), 0 left on base; Phoenix 2 - Atlanta 1
TOP OF THE 4TH
Phoenix Hotspur batting - Pitching for Atlanta Smoke : LHP Ilie Paunescu
Batting: RHB Raúl González 0-0: Ball
1-0: Called Strike
1-1: Foul Ball, location: 2F
1-2: Strikes out swinging
Batting: RHB Manny Freitas 0-0: Called Strike
0-1: Foul Ball, location: 2F
0-2: Ball
1-2: Ball
2-2: Foul Ball, location: 2F
2-2: Ball
3-2: Base on Balls
Batting: RHB Terry Armstrong 0-0: Ball
1-0: Ball
2-0: Foul Ball, location: 2F
2-1: Fly out, F8 (Line Drive, 8RD)
Batting: RHB Donald Thompson 0-0: Ball
1-0: Ball
2-0: Fly out, F9 (Flyball, 9LM)
Top of the 4th over - 0 run(s), 0 hit(s), 0 error(s), 1 left on base; Phoenix 2 - Atlanta 1
BOTTOM OF THE 4TH
Atlanta Smoke batting - Pitching for Phoenix Hotspur : RHP John Brown
Batting: LHB Albert Morán 0-0: Ball
1-0: Ball
2-0: SOLO HOME RUN (Flyball, 9D), Distance : 398 ft
Batting: LHB Armando Esparza 0-0: SINGLE (Line Drive, 4MD)
Batting: RHB Nate Cates 0-0: Called Strike
0-1: Fly out, F9 (Flyball, 89M)
Batting: RHB Leandro Tuzzi 0-0: Called Strike
0-1: Ball
1-1: Ball
2-1: Swinging Strike
2-2: Ball
3-2: Fly out, F7 (Popup, 56D)
Batting: LHB Mike Blue 0-0: Ground out 6-3 (Groundball, 6)
Bottom of the 4th over - 1 run(s), 2 hit(s), 0 error(s), 1 left on base; Phoenix 2 - Atlanta 2
TOP OF THE 5TH
Phoenix Hotspur batting - Pitching for Atlanta Smoke : LHP Ilie Paunescu
Batting: LHB Curt Webb 0-0: Ball
Reached via error on a dropped throw, E3
Batting: LHB Mike Pace 0-0: Ball
1-0: Ball
2-0: Fly out, F8 (Flyball, 8RD)
Pitching: RHP Brandon Bannatyne
Batting: LHB Earl Ellis 0-0: Ball
1-0: Called Strike
1-1: Called Strike
1-2: Ball
2-2: Ball
3-2: Foul Ball, location: 2F
3-2: SINGLE (Line Drive, 8RS)
Curt Webb to second
Batting: RHB Mike Lewis 0-0: Ball
1-0: Ball
2-0: Ball
3-0: Base on Balls
Curt Webb to third
Earl Ellis to second
Batting: RHB John Brown 0-0: Fly out, F8 (Flyball, 8LM)
Runner from 3rd tags up, SCORES, throw made
Batting: RHB Raúl González 0-0: Ball
1-0: Ball
2-0: Ball
3-0: Base on Balls
Earl Ellis to third
Mike Lewis to second
Batting: RHB Manny Freitas 0-0: Called Strike
0-1: Foul Ball, location: 2F
0-2: Fielders Choice at 2nd, 5-4 (Groundball, 56)
Top of the 5th over - 1 run(s), 1 hit(s), 1 error(s), 2 left on base; Phoenix 3 - Atlanta 2
BOTTOM OF THE 5TH
Atlanta Smoke batting - Pitching for Phoenix Hotspur : RHP John Brown
Batting: RHB Walt Richard 0-0: Called Strike
0-1: Called Strike
0-2: Strikes out looking
Batting: RHB Brandon Bannatyne 0-0: Ball
1-0: Ball
2-0: Foul Ball, location: 2F
2-1: Fly out, F6 (Popup, 5D)
Batting: RHB Nathan Horton 0-0: Called Strike
0-1: Called Strike
0-2: Foul Ball, location: 2F
0-2: Ball
1-2: Ball
2-2: Strikes out swinging
Bottom of the 5th over - 0 run(s), 0 hit(s), 0 error(s), 0 left on base; Phoenix 3 - Atlanta 2
TOP OF THE 6TH
Phoenix Hotspur batting - Pitching for Atlanta Smoke : RHP Brandon Bannatyne
Batting: RHB Terry Armstrong 0-0: Swinging Strike
0-1: Ball
1-1: Ground out 1-3 (Groundball, 15)
Batting: RHB Donald Thompson 0-0: Ball
1-0: Ground out 4-3 (Groundball, 4)
Batting: LHB Curt Webb 0-0: Ball
1-0: Called Strike
1-1: Foul Ball, location: 2F
1-2: Ball
2-2: SINGLE (Groundball, 25) (infield hit)
Batting: LHB Mike Pace 0-0: Called Strike
0-1: Swinging Strike
0-2: Ball
1-2: Strikes out swinging
Top of the 6th over - 0 run(s), 1 hit(s), 0 error(s), 1 left on base; Phoenix 3 - Atlanta 2
BOTTOM OF THE 6TH
Atlanta Smoke batting - Pitching for Phoenix Hotspur : RHP John Brown
Batting: RHB Mal Bussard 0-0: Called Strike
0-1: Ball
1-1: Fly out, F5 (Popup, 56)
Batting: LHB Albert Morán 0-0: Called Strike
0-1: Swinging Strike
0-2: Foul Ball, location: 2F
0-2: Foul Ball, location: 2F
0-2: Ball
1-2: Foul Ball, location: 2F
1-2: Fly out, F2 (Popup, 2LF)
Batting: LHB Armando Esparza 0-0: Called Strike
0-1: Fly out, F6 (Popup, 56D)
Bottom of the 6th over - 0 run(s), 0 hit(s), 0 error(s), 0 left on base; Phoenix 3 - Atlanta 2
TOP OF THE 7TH
Phoenix Hotspur batting - Pitching for Atlanta Smoke : RHP Brandon Bannatyne
Pitching: LHP Rick Payne
Batting: LHB Earl Ellis 0-0: Fly out, F8 (Flyball, 89M)
Batting: RHB Mike Lewis 0-0: Foul Ball, location: 2F
0-1: Ball
1-1: Ball
2-1: Ball
3-1: Called Strike
3-2: SINGLE (Groundball, 5D)
Batting: RHB John Brown 0-0: Sac Bunt - play at first, batter OUT! 1-4
Mike Lewis to second
Batting: RHB Raúl González 0-0: Ball
1-0: Swinging Strike
1-1: Ball
2-1: Foul Ball, location: 2F
2-2: Ball
3-2: Base on Balls
Batting: RHB Manny Freitas 0-0: Fly out, F7 (Flyball, 7LM)
Top of the 7th over - 0 run(s), 1 hit(s), 0 error(s), 2 left on base; Phoenix 3 - Atlanta 2
BOTTOM OF THE 7TH
Atlanta Smoke batting - Pitching for Phoenix Hotspur : RHP John Brown
Batting: RHB Nate Cates 0-0: Ball
1-0: Fly out, F9 (Flyball, 9S)
Batting: RHB Leandro Tuzzi 0-0: Foul Ball, location: 2F
0-1: Swinging Strike
0-2: Ground out 4-3 (Groundball, 34)
Batting: LHB Mike Blue 0-0: Called Strike
0-1: Called Strike
0-2: Ball
1-2: Fly out, F8 (Popup, 8LS)
Bottom of the 7th over - 0 run(s), 0 hit(s), 0 error(s), 0 left on base; Phoenix 3 - Atlanta 2
TOP OF THE 8TH
Phoenix Hotspur batting - Pitching for Atlanta Smoke : LHP Rick Payne
Batting: RHB Terry Armstrong 0-0: Ground out 4-3 (Groundball, 4M)
Batting: RHB Donald Thompson 0-0: Ball
1-0: Ball
2-0: Called Strike
2-1: Ball
3-1: Ground out 6-3 (Groundball, 6)
Batting: LHB Curt Webb 0-0: Ball
1-0: Foul Ball, location: 2F
1-1: Ball
2-1: Ball
3-1: Swinging Strike
3-2: Foul Ball, location: 2F
3-2: Fly out, F7 (Flyball, 78S)
Top of the 8th over - 0 run(s), 0 hit(s), 0 error(s), 0 left on base; Phoenix 3 - Atlanta 2
BOTTOM OF THE 8TH
Atlanta Smoke batting - Pitching for Phoenix Hotspur : RHP John Brown
Now in RF: Ricardo Miranda
Batting: RHB Walt Richard 0-0: Ball
1-0: Foul Ball, location: 2F
1-1: Foul Ball, location: 2F
1-2: Fly out, F7 (Flyball, 7M)
Pinch Hitting: RHB Russell Jackson 0-0: Ball
1-0: Ball
2-0: Fly out, F8 (Flyball, 8LXD)
Batting: RHB Nathan Horton 0-0: Ball
1-0: Foul Ball, location: 2F
1-1: Called Strike
1-2: Strikes out looking
Bottom of the 8th over - 0 run(s), 0 hit(s), 0 error(s), 0 left on base; Phoenix 3 - Atlanta 2
TOP OF THE 9TH
Phoenix Hotspur batting - Pitching for Atlanta Smoke : LHP Rick Payne
Pitching: RHP Fred Pitts
Batting: LHB Mike Pace 0-0: Ball
1-0: Called Strike
1-1: Ball
2-1: SINGLE (Groundball, 6MD)
Batting: LHB Ricardo Miranda 0-0: Ball
1-0: Foul Ball, location: 2F
1-1: Ball
2-1: Foul Ball, location: 2F
2-2: DOUBLE (Line Drive, 3D)
Mike Pace to third
Batting: RHB Mike Lewis 0-0: Ball
1-0: Called Strike
1-1: Foul Ball, location: 2F
1-2: Ball
2-2: Strikes out swinging
Pinch Hitting: RHB Phil Johnston 0-0: Ball
1-0: Called Strike
1-1: Ball
Wild Pitch!
Mike Pace scores
Ricardo Miranda to third
2-1: Ball
3-1: DOUBLE (Line Drive, 7LS)
Ricardo Miranda scores
Batting: RHB Raúl González 0-0: Fly out, F4 (Popup, 34D)
Batting: RHB Manny Freitas 0-0: Ball
1-0: Called Strike
1-1: Ball
2-1: Ball
3-1: Called Strike
3-2: Strikes out looking
Top of the 9th over - 2 run(s), 3 hit(s), 0 error(s), 1 left on base; Phoenix 5 - Atlanta 2
BOTTOM OF THE 9TH
Atlanta Smoke batting - Pitching for Phoenix Hotspur : RHP John Brown
Pitching: RHP Miguel Herrera
Batting: RHB Mal Bussard 0-0: Ball
1-0: Called Strike
1-1: Foul Ball, location: 2F
1-2: Foul Ball, location: 2F
1-2: Fly out, F8 (Flyball, 8LXD)
Batting: LHB Albert Morán 0-0: Ball
1-0: Ball
2-0: TRIPLE (Flyball, 9D)
Batting: LHB Armando Esparza 0-0: Called Strike
0-1: Ball
1-1: Fly out, F7 (Flyball, 78D)
Runner from 3rd tags up, SCORES, no throw
Batting: RHB Nate Cates 0-0: Called Strike
0-1: Ball
1-1: Ground out 5-3 (Groundball, 5S)
Bottom of the 9th over - 1 run(s), 1 hit(s), 0 error(s), 0 left on base; Phoenix 5 - Atlanta 3
This league is powered by Out of the Park Baseball, the baseball management simulation game for PC, Mac and Linux
Saturday, July 25th, 2015 - OOTP Baseball 15.6 Build 34